 Dungeon Crawl Stone Soup version 0.21.1-1-g345015f (webtiles) character file.

74 EuclidGuy the Grave Robber (level 4, -1/36 HPs)
             Began as a Hill Orc Necromancer on July 7, 2018.
             Killed by nerve-wracking pain
             ... invoked by a shadow imp
              (13 damage)
             ... on level 2 of the Dungeon.
             The game lasted 00:15:15 (3835 turns).

EuclidGuy the Grave Robber (Hill Orc Necromancer)   Turns: 3835, Time: 00:15:15

Health: -1/36      AC:  2    Str:  9 (10) XL:     4   Next: 28%
Magic:  4/7        EV: 12    Int: 14 (16) God:
Gold:   33         SH:  0    Dex:  8 (11) Spells: 5/7 levels left

rFire    . . .     SeeInvis .   e - +0 dagger
rCold    . . .     Gourm    .   (no shield)
rNeg     . . .     Faith    .   a - +0 robe
rPois    .         Spirit   .   (no helmet)
rElec    .         Reflect  .   c - scarf {cloud immunity}
rCorr    .         Harm     .   (no gloves)
MR       .....                  (no boots)
Stlth    +.........             (no amulet)
HPRegen  0.12/turn              (no ring)
MPRegen  0.10/turn              (no ring)

@: no status effects
A: no striking features
a: no special abilities


You were on level 2 of the Dungeon.
You were not hungry.

You visited 1 branch of the dungeon, and saw 2 of its levels.

You collected 33 gold pieces.

Inventory:

Hand Weapons
 e - a +0 dagger (weapon)
Missiles
 i - 5 curare-tipped needles (quivered)
 l - 15 arrows
Armour
 a - a +0 robe (worn)
 c - a scarf of cloud immunity (worn)
 g - a +0 robe
 j - a +0 helmet
Scrolls
 d - a scroll of noise {unknown}
 f - a scroll of enchant weapon {unknown}
 h - 2 scrolls of identify {unknown}
Books
 b - a book of Necromancy

   Spells                             Type                      Level
   a - Pain                           Necromancy                   1
   b - Animate Skeleton               Necromancy                   1
   c - Vampiric Draining              Necromancy                   3
   d - Regeneration                   Charms/Necromancy            3
   e - Animate Dead                   Necromancy                   4
   f - Borgnjor's Vile Clutch         Necromancy/Earth             5
Comestibles
 k - 2 rations


   Skills:
 + Level 1.9 Fighting
 * Level 2.5 Dodging
 - Level 1.5 Stealth
 + Level 2.0 Spellcasting
 + Level 4.3 Necromancy


You had 5 spell levels left.
You knew the following spells:

 Your Spells              Type           Power        Failure   Level  Hunger
a - Pain                  Necr           ##..         3%          1    ##.....
b - Animate Skeleton      Necr           N/A          3%          1    ##.....


Dungeon Overview and Level Annotations

Branches:
Dungeon (2/15)

Altars:


Message History

You closely miss the shadow imp.
The shadow imp is moderately wounded.
The shadow imp barely misses you.
You barely miss the shadow imp.
The shadow imp is moderately wounded.
The shadow imp grins evilly.
The shadow imp barely misses you.
You barely miss the shadow imp.
The shadow imp is moderately wounded.
The shadow imp hits you.
You hit the shadow imp but do no damage.
The shadow imp is moderately wounded.
The shadow imp hits you. The shadow imp hits you.
The shadow imp gestures at you. Pain shoots through your body!
The shadow imp puffs mist at you. The shadow imp gestures at you.
Pain shoots through your body!
You die...

.... ...........##.........#.
....###########......#.........##
.........# #....#.#)........#
.........# ######...........#
.........# ########..........#
.........# #.................#
.........# #.................#
.........#####.......#.........#
.............5..@...........####
....##########.......#.......#
.... #.......##......# ###
##########......# #...(..#
#......# #......# #......#
#......#


You could see a shadow imp.

Vanquished Creatures
  2 adders (D:2)
  An ooze (D:1)
  A dart slug (D:1)
  A leopard gecko (D:2)
  2 giant cockroaches
  10 goblins
  3 hobgoblins
  8 kobolds
  A ball python (D:1)
  9 bats
  3 frilled lizards
  6 rats
47 creatures vanquished.

Vanquished Creatures (collateral kills)
  2 rats (D:1)
2 creatures vanquished.

Grand Total: 49 creatures vanquished

Notes
Turn   | Place    | Note
-------+----------+-------------------------------------------
     0 | D:1      | EuclidGuy the Hill Orc Necromancer began the quest for the Orb.
     0 | D:1      | Reached XP level 1. HP: 14/14 MP: 3/3
    90 | D:1      | Learned a level 1 spell: Animate Skeleton
   110 | D:1      | Reached XP level 2. HP: 4/22 MP: 1/4
   501 | D:1      | Reached skill level 1 in Fighting
  1361 | D:1      | Reached XP level 3. HP: 6/28 MP: 1/5
  3295 | D:2      | Reached XP level 4. HP: 4/36 MP: 0/7
  3835 | D:2      | Killed from afar by a shadow imp

Skill      XL: |  1  2  3 |
---------------+----------+-----
Dodging        | 2 |  2.5
Fighting       | 1 |  1.9
Spellcasting   | 2 |  2.0
Stealth        | |  1.5
Necromancy     | |  4.3

Action                   |  1- 3 |  4- 6 || total
-------------------------+-------+-------++-------
Melee: Dagger            |    65 |    34 ||    99
       Unarmed           |     9 |       ||     9
 Cast: Pain              |    54 |    15 ||    69
       Animate Skeleton  |     8 |       ||     8
  Use: Potion            |       |     1 ||     1
 Stab: Sleeping          |     1 |       ||     1
  Eat: Chunk             |     5 |       ||     5
       Ration            |     1 |     1 ||     2
Armor: Robe              |    31 |    12 ||    43
Dodge: Dodged            |    83 |    40 ||   123
